 Dungeon Crawl Stone Soup version 0.23.2-30-g0e89c35649 (webtiles) character file.

Game seed: 1511215232631421733

417 PentaManta the Chopper (level 6, -2/37 HPs)
             Began as a Gargoyle Fighter on June 8, 2019.
             Slain by an ogre
             ... wielding a +0 giant club
              (18 damage)
             ... on level 4 of the Dungeon.
             The game lasted 00:06:32 (3353 turns).

PentaManta the Chopper (Gargoyle Fighter)           Turns: 3353, Time: 00:06:33

Health: -2/37      AC: 12    Str: 22    XL:     6   Next: 92%
Magic:  6/6        EV:  7    Int:  8    God:
Gold:   1          SH: 10    Dex:  9    Spells: 5/5 levels left

rFire    + . .     SeeInvis .   u - +0 hand axe (vamp)
rCold    + . .     Gourm    .   c - +0 shield
rNeg     + . .     Faith    .   b - +0 scale mail
rPois    ∞         Spirit   .   o - +0 helmet
rElec    +         Reflect  .   h - scarf {rC+ rF+}
rCorr    .         Harm     .   (no gloves)
MR       .....                  (no boots)
Stlth    ..........             (no amulet)
HPRegen  0.12/turn              (no ring)
MPRegen  0.10/turn              (no ring)

@: no status effects
A: negative energy resistance 1, electricity resistance, unbreathing,
petrification resistance, rot immunity, AC +4
a: no special abilities


You were on level 4 of the Dungeon.
You were not hungry.

You visited 1 branch of the dungeon, and saw 4 of its levels.

You collected 196 gold pieces.
You spent 195 gold pieces at shops.

Inventory:

Hand Weapons
 a - a +0 war axe
 g - a +2 hand axe of freezing
 u - a +0 vampiric hand axe (weapon)
Missiles
 y - 4 tomahawks (quivered)
Armour
 b - a +0 scale mail (worn)
 c - a +0 shield (worn)
 h - a scarf of resistance (worn)
 o - a +0 helmet (worn)
Wands
 r - a wand of iceblast (9)
 v - a wand of flame (38)
Scrolls
 d - a scroll of enchant armour {unknown}
 e - a scroll of blinking {unknown}
 i - 6 scrolls of remove curse {unknown}
 j - 4 scrolls of identify {unknown}
 k - a scroll of teleportation {unknown}
 m - a scroll of enchant weapon {unknown}
 n - a scroll of noise {unknown}
 B - a scroll of fear {unknown}
Potions
 p - a potion of experience {unknown}
 q - a potion of lignification {unknown}
 s - 2 potions of cancellation {unknown}
 t - a potion of mutation {unknown}
 w - 2 potions of curing {unknown}
 x - a potion of degeneration {unknown}
 z - a potion of haste
 A - a potion of heal wounds
Comestibles
 f - 4 rations
 l - 2 chunks of flesh


   Skills:
 - Level 3.2 Fighting
 * Level 5.4 Axes
 - Level 3.2 Armour
 + Level 5.4 Shields


You had 5 spell levels left.
You didn't know any spells.
Your spell library was empty.

Dungeon Overview and Level Annotations

Branches:
Dungeon (4/15)
 Temple: D:4-7

Altars:
Kikubaaqudgha
Trog
Uskayaw

Shops:
D:4 !


Innate Abilities, Weirdness & Mutations

You are resistant to torment.
Your stone body is resilient. (AC +4)
You are immune to poison.
You resist negative energy. (rN+)
You are resistant to electric shocks. (rElec)
You can survive without breathing.
You are immune to petrification.
You are immune to rotting.


Message History

The adder bites you but does no damage. You block the adder's attack.
You hit the adder.
You feel better.
You kill the adder!
An ogre comes into view. It is wielding a +0 giant club.
You see here an adder corpse.
You hit the ogre.
The ogre is lightly wounded.
The ogre hits you with a +0 giant club!
You slash the ogre!
The ogre is heavily wounded.
You block the ogre's attack.
You hit the ogre.
You feel better.
The ogre is heavily wounded.
You hit the ogre.
You feel better.
The ogre is heavily wounded.
The ogre hits you with a +0 giant club!
You hit the ogre.
The ogre is severely wounded.
The ogre hits you with a +0 giant club!!
You die...

########..#####+#########
........................#
........................#
........................#
........................#
..################....###
..# #.###..###....## ..#
........†......# ..#
........@......# ###
#####..##O...^.+ ###
#..##.## #..# .# +... ..
#.... .. #..##. ### ..


You could see an ogre.

Vanquished Creatures
  Sigmund (D:4)
  3 orc wizards
  A hound skeleton (D:4)
  7 adders
  An ooze (D:4)
  2 worms (D:3)
  2 dart slugs
  2 leopard geckos
  14 orcs
  7 bats
  A giant cockroach (D:2)
  7 goblins
  5 hobgoblins
  12 jackals
  A quokka (D:2)
  A ball python (D:3)
  4 frilled lizards
  7 kobolds
  5 rats
83 creatures vanquished.

Notes
Turn   | Place    | Note
-------+----------+-------------------------------------------
     0 | D:1      | PentaManta the Gargoyle Fighter began the quest for the
                  | Orb.
     0 | D:1      | Reached XP level 1. HP: 14/14 MP: 1/1
   298 | D:1      | Reached XP level 2. HP: 19/19 MP: 2/2
   528 | D:1      | Reached XP level 3. HP: 22/23 MP: 3/3
  1313 | D:2      | Reached XP level 4. HP: 28/28 MP: 4/4
  1517 | D:2      | Found a hide-covered altar of Uskayaw.
  1976 | D:3      | Reached XP level 5. HP: 5/32 MP: 5/5
  2541 | D:3      | Found a bloodstained altar of Trog.
  2541 | D:3      | Found an ancient bone altar of Kikubaaqudgha.
  3037 | D:4      | Noticed Sigmund
  3071 | D:4      | Killed Sigmund
  3071 | D:4      | Reached skill level 5 in Axes
  3071 | D:4      | Reached skill level 5 in Shields
  3071 | D:4      | Reached XP level 6. HP: 37/37 MP: 6/6
  3199 | D:4      | Found Miet's Distillery.
  3209 | D:4      | Bought a potion of haste for 130 gold pieces
  3209 | D:4      | Bought a potion of heal wounds for 65 gold pieces
  3353 | D:4      | Slain by an ogre

Skill      XL: |  1  2  3  4  5 |
---------------+----------------+-----
Axes           | 2 3 4 5 |  5.4
Shields        | 4 5 |  5.4
Fighting       | |  3.2
Armour         | |  3.2

Action                   |  1- 3 |  4- 6 || total
-------------------------+-------+-------++-------
Melee: War axe           |    21 |       ||    21
       Hand axe          |   104 |   261 ||   365
Throw: Throwing net      |       |     4 ||     4
  Use: Potion            |       |     2 ||     2
  Eat: Chunk             |     1 |     5 ||     6
       Ration            |       |     2 ||     2
Armor: Scale mail        |    79 |   134 ||   213
Dodge: Dodged            |    39 |    52 ||    91
Block: Shield            |    67 |   120 ||   187
